 Dungeon Crawl Stone Soup version 0.31-a0-1098-g6898e65 (webtiles) character file.

Game seed: 17624001688127492578

1894381 DevouringOne the Conqueror (level 27, 419/419 HPs)
             Began as an Ogre Shapeshifter on Nov 30, 2023.
             Was an Initiate of Gozag.
             Escaped with the Orb
             ... and 3 runes!
             The game lasted 01:26:36 (55881 turns).

DevouringOne the Conqueror (Ogre Shapeshifter)     Turns: 55881, Time: 01:26:36

Health: 419/419    AC: 41    Str: 44    XL:     27
Magic:  23/23      EV: 12    Int:  9    God:    Gozag
Gold:   1458       SH: 18    Dex: 14    Spells: 26/26 levels left

rFire   + .          .
                       - Unarmed
rCold   + . .        d - +5 kite shield
rNeg    + + +        P - melded +4 fire dragon scales
rPois   ∞            h - +0 hat of the Fife {Rampage Fly Will+ Int-2}
rElec   +            a - +2 cloak {Will+}
rCorr   .            (gloves unavailable)
SInv    +            (boots unavailable)
Will    ++++.        c - amulet of Meyvusul {Regen+ Str+3}
Stlth   +            f - ring "Wiast" {rF+ rN+ Dex+6}
HPRegen 1.69/turn    X - ring of the Two Names {rC+ Str+5 SInv}
MPRegen 0.18/turn

%: rampage
@: statue-form, flying, studying 4 skills, very slow
A: slow and powerful, torment resistance 1, boosted hp, large, unfitting armour,
(tough skin 1), screaming 1
0: Orb of Zot
}: 3/15 runes: decaying, serpentine, silver
a: Begin Untransformation, Renounce Religion, Potion Petition, Call Merchant,
Bribe Branch


You escaped.
You worshipped Gozag.
Gozag was most pleased with you.
You were a living statue of rough stone.
You visited 9 branches of the dungeon, and saw 47 of its levels.
You visited 1 bazaar.
You visited 1 ziggurat, and saw 7 of its levels.
You also visited: Trove, Sewer, Bailey and Volcano.

You collected 28201 gold pieces.
You spent 6615 gold pieces at shops.
You paid 20128 gold pieces to Gozag.

Inventory:

Missiles
 m - 126 large rocks
 K - 4 throwing nets
Armour
 a - a +2 cloak of willpower (worn)
 d - a +5 kite shield (worn)
 h - the +0 hat of the Fife (worn) {Rampage Fly Will+ Int-2}
   (You bought it in a shop on level 2 of the Orcish Mines)

   Int-2:     It affects your intelligence (-2).
   Will+:     It increases your willpower.
   Fly:       It grants you flight.
   Rampage:   It bestows one free step when moving towards enemies.
 P - +4 fire dragon scales (melded)
Jewellery
 c - the amulet of Meyvusul (around neck) {Regen+ Str+3}
   (You found it on level 3 of the Elven Halls)

   [amulet of regeneration]

   Str+3:     It affects your strength (+3).
   Regen+:    It increases your rate of health regeneration.
 f - the ring "Wiast" (left fist) {rF+ rN+ Dex+6}
   (You bought it in a shop on level 12 of the Dungeon)

   [ring of dexterity]

   Dex+6:     It affects your dexterity (+6).
   rF+:       It protects you from fire.
   rN+:       It protects you from negative energy.
 p - an amulet of reflection
 X - the ring of the Two Names (right fist) {rC+ Str+5 SInv}
   (You found it on level 3 of the Snake Pit)

   [ring of protection from cold]

   Str+5:     It affects your strength (+5).
   rC+:       It protects you from cold.
   SInv:      It lets you see invisible.
Talismans
 x - the granite talisman of the Evil One (active) {rN+}
   (You bought it in a shop on level 1 of the Vaults)

   [granite talisman]

   rN+:       It protects you from negative energy.
Wands
 y - a wand of paralysis (38)
 I - a wand of roots (51)
 J - a wand of digging (13)
 V - a wand of acid (17)
 W - a wand of flame (84)
 Y - a wand of mindburst (22)
 Z - a wand of polymorph (28)
Scrolls
 b - 3 scrolls of silence
 e - 5 scrolls of fog
 g - 5 scrolls of vulnerability
 k - 11 scrolls of blinking
 n - 19 scrolls of teleportation
 q - a scroll of enchant armour
 u - 7 scrolls of immolation
 w - 5 scrolls of poison
 D - 6 scrolls of fear
 H - 3 scrolls of enchant weapon
 T - 5 scrolls of butterflies
 U - 9 scrolls of amnesia
Potions
 i - 6 potions of lignification
 j - 16 potions of mutation
 l - 4 potions of berserk rage
 o - 7 potions of cancellation
 r - 3 potions of enlightenment
 s - 14 potions of curing
 t - 11 potions of magic
 v - 19 potions of heal wounds
 z - 6 potions of brilliance
 A - 12 potions of haste
 F - 11 potions of ambrosia
 L - 3 potions of might
 N - 5 potions of attraction
 Q - 3 potions of resistance
 R - 4 potions of invisibility
Miscellaneous
 B - a condenser vane
 E - a sack of spiders
 M - a lightning rod (4/4)
 S - a phantom mirror


   Skills:
 O Level 27 Fighting
 - Level 6.0 Dodging
 - Level 15.0 Shields
 + Level 26.6 Unarmed Combat
 - Level 25.0 Shapeshifting


You had 26 spell levels left.
You didn't know any spells.
Your spell library contained the following spells:

 Spells                   Type           Power      Damage    Failure   Level
 Foxfire                  Conj/Fire      0%         2x1d4     45%         1
 Freeze                   Ice            0%         1d3       45%         1
 Sandblast                Erth           0%         2d4       45%         1
 Shock                    Conj/Air       0%         1d3       45%         1
 Summon Small Mammal      Summ           0%         N/A       45%         1
 Blink                    Tloc           0%         N/A       58%         2
 Cigotuvi's Dreadful Rot  Necr/Pois/Air  0%         N/A       58%         2
 Ensorcelled Hibernation  Hex/Ice        0%         N/A       58%         2
 Lesser Beckoning         Tloc           0%         N/A       58%         2
 Momentum Strike          Conj/Tloc      0%         3d8       58%         2
 Passwall                 Tmut/Erth      0%         N/A       58%         2
 Scorch                   Fire           0%         2d5       58%         2
 Searing Ray              Conj           0%         2d4       58%         2
 Wereblood                Tmut           0%         N/A       58%         2
 Dazzling Flash           Conj/Hex       0%         N/A       83%         3
 Frozen Ramparts          Ice            0%         1d1       83%         3
 Ignite Poison            Fire/Tmut/Pois 0%         N/A       83%         3
 Inner Flame              Hex/Fire       0%         N/A       83%         3
 Stone Arrow              Conj/Erth      0%         3d7       83%         3
 Swiftness                Air            0%         N/A       83%         3
 Tukima's Dance           Hex            0%         N/A       83%         3
 Volatile Blastmotes      Fire/Tloc      0%         2d10      83%         3
 Anguish                  Hex/Necr       0%         N/A       99%         4
 Animate Armour           Summ/Erth      0%         N/A       99%         4
 Brom's Barrelling Bould  Conj/Erth      0%         2d3       99%         4
 Cause Fear               Hex            0%         N/A       99%         4
 Dimensional Bullseye     Hex/Tloc       0%         N/A       99%         4
 Dispel Undead            Necr           0%         3d6       99%         4
 Flame Wave               Conj/Fire      0%         2d4       99%         4
 Fulminant Prism          Conj/Hex       0%         3d5       99%         4
 Iskenderun's Mystic Bla  Conj/Tloc      0%         2d3       99%         4
 Leda's Liquefaction      Hex/Erth       0%         N/A       99%         4
 Manifold Assault         Tloc           0%         N/A       99%         4
 Passage of Golubria      Tloc           0%         N/A       99%         4
 Petrify                  Tmut/Erth      0%         N/A       99%         4
 Sticky Flame             Conj/Fire      0%         2d3       99%         4
 Summon Ice Beast         Ice/Summ       0%         N/A       99%         4
 Summon Lightning Spire   Summ/Air       0%         N/A       99%         4
 Vhi's Electric Charge    Tloc/Air       0%         N/A       99%         4
 Borgnjor's Vile Clutch   Necr/Erth      0%         N/A       100%        5
 Fireball                 Conj/Fire      0%         3d3       100%        5
 Freezing Cloud           Conj/Ice/Air   0%         6-21      100%        5
 Irradiate                Conj/Tmut      0%         3d11      100%        5
 Lee's Rapid Deconstruct  Erth           0%         3d4*      100%        5
 Metabolic Englaciation   Hex/Ice        0%         N/A       100%        5
 Silence                  Hex/Air        0%         N/A       100%        5
 Summon Mana Viper        Hex/Summ       0%         N/A       100%        5
 Yara's Violent Unravell  Hex/Tmut       0%         3d3       100%        5
 Bombard                  Conj/Erth      0%         9d1       100%        6
 Conjure Ball Lightning   Conj/Air       0%         3x3d6     100%        6
 Death Channel            Necr           0%         N/A       100%        6
 Plasma Beam              Fire/Air       0%         2x1d10    100%        6
 Summon Cactus Giant      Summ           0%         N/A       100%        6
 Enfeeble                 Hex            0%         N/A       100%        7
 Haunt                    Necr/Summ      0%         N/A       100%        7
 Monstrous Menagerie      Summ           0%         N/A       100%        7
 Orb of Destruction       Conj           0%         9d5       100%        7
 Ozocubu's Refrigeration  Ice            0%         4d7       100%        7
 Borgnjor's Revivificati  Necr           0%         N/A       100%        8
 Lehudib's Crystal Spear  Conj/Erth      0%         10d2      100%        8
 Maxwell's Capacitive Co  Air            0%         ∞         100%        8
 Dragon's Call            Summ           0%         N/A       100%        9
 Polar Vortex             Ice            0%         N/A       100%        9
 Animate Dead             Necr           Unusable   N/A       N/A         4
 Simulacrum               Ice/Necr       Unusable   N/A       N/A         6

Dungeon Overview and Level Annotations

Branches:
Dungeon (15/15)            Temple (0/1) D:7            Lair (5/5) D:11
  Swamp (4/4) Lair:3        Snake (4/4) Lair:2        Slime (0/5) Lair:5
    Orc (2/2) D:9             Elf (3/3) Orc:2        Vaults (5/5) D:14
  Crypt (0/3) Vaults:3     Depths (4/4) D:15            Zot (5/5) Depths:4
  Sewer (visited)          Bailey (visited)         Volcano (visited)

Altars:
Ashenzari
Cheibriados
Fedhas
Gozag
Kikubaaqudgha
Ru
Uskayaw
Vehumet
Yredelemnul
Zin
The Shining One

Shops:
D:5 (:   D:8 *   D:9 (   D:10 !   D:11 (   D:12 =   Orc:1 [   Orc:2 (([*[[
Elf:1 *   Elf:2 (   Lair:3 *   Lair:5 =   Snake:1 [   Snake:2 ::=   Vaults:1 ==
Vaults:3 (   Vaults:5 =?[=

Portals:
Hell: Depths:1 Depths:2 Depths:3
Pandemonium: Depths:1 Depths:2 Depths:3

Annotations:
D:13 3 runed translucent doors, Fuugimn's ghost, journeyman DsSh
Orc:1 2 transporters
Elf:2 3 runed translucent doors


Innate Abilities, Weirdness & Mutations

You are a living statue of rough stone.
Your actions are slow, but your melee attacks are powerful.
You are resistant to unholy torment.
Your maximum health is greatly increased.
Your equipment is partially melded.
You are too large for most types of armour.
You are immune to poison.
((You have tough skin. (AC +1)))
You occasionally shout uncontrollably at your foes.


Message History

The blast of poison engulfs you but does no damage.
You resist. The green death gestures at you.
The bolt of poison hits you but does no damage.
You resist.
A sun demon comes into view.
You pummel the green death like a punching bag!!!!
The green death is almost dead.
The green death is distracted by your dazzling golden aura.
The green death roars!
You pummel the green death like a punching bag!!!!
You kill the green death!
You squash the sun demon like an ant!!!!
You kill the sun demon!
No target in view!
What level of the Dungeon? (default 1, ? - help)
You now have 1452 gold pieces (gained 19).
A rust devil comes into view.
You block the rust devil's attack.
You barely miss the rust devil.
You pulverise the rust devil!!!!
You kill the rust devil!
No target in view!
No target in view!
No target in view!
No target in view!
You now have 1458 gold pieces (gained 6).
There is a stone staircase leading up here.
What level of the Dungeon? (default 1, ? - help)
You fly upwards.
Your magic seems less tainted.
There is a stone staircase leading down here.
As you open the door, it creaks loudly!
An efreet comes into view.
It is wielding a +2 scimitar of flaming.
There is an open door here.
Blink to where?
Press: ? - help, Q - select action, (/) - cycle Dir - move target
As you read the scroll of blinking, it crumbles to dust.
There is a staircase leading out of the dungeon here.
You have escaped!

.## .#§○.....#..#.#.##..#. ..#
##.#..°....#..#.#.##..#. ..#
#..#..R[...#..#.#.....#. ..#
#..#.......#....#..##.#. ..#####
#.##.......#....#..##.#.
......####.###.....##......†.....
...........#§##...##....###.#####
......###..#.♣##.##♣....###.#
..#######....♣.#8#.♣....#...#
..#### #.....♣.###.♣....#.###
.....# #.......##..######.#
..##.# #..............# #.#
.###.# ###......#####.# #.#
..##.# #.......####.# #.# #.##.#
#............# #.# .....#
#.......#.##.###.# #.####
##...............#


You could see an efreet.

Vanquished Creatures
  4 ancient liches
  An orb of fire (Zot:1)
  2 dread liches
  3 juggernauts (Depths:2)
  A royal mummy (Zig:7)
  Bai Suzhen (Swamp:4)
  A Killer Klown (Zot:5)
  Margery (Depths:1)
  A caustic shrike (Depths:2)
  The ghost of Herenode the Ruinous, an adept DrNe of Vehumet (Elf:1)
  Norris (Depths:3)
  9 golden dragons
  2 bone dragons (Depths:4)
  7 tentacled monstrosities
  An electric golem (Zot:5)
  Zenata (Vaults:4)
  A walking crystal tome (Zot:1)
  2 walking frostbound tomes (Zot:1)
  2 liches (Vaults:5)
  10 Orb Guardians
  A quicksilver dragon (Zot:2)
  2 titans (Vaults:5)
  A walking earthen tome (Zot:1)
  2 deep elf master archers (Elf:3)
  5 sphinxes
  An ancient champion (Vaults:4)
  2 deep elf blademasters (Elf:3)
  An Executioner (Zig:4)
  2 death cobs
  9 tengu reavers
  Agnes (D:15)
  12 storm dragons
  Kirke (D:15)
  2 draconian monks
  Donald (Swamp:4)
  6 shadow dragons
  Aizul (Snake:2)
  10 nagarajas
  2 fenstrider witches
  The ghost of Atuqedy the Earth Mage, an adept DsEE of Hepliaklqana (Elf:3)
  6 fire giants
  2 pandemonium lords
  A daeva (D:6)
  A demonspawn warmonger (D:2)
  A deep elf sorcerer (Elf:3)
  4 draconian knights
  3 narguns (Zot:1)
  4 frost giants
  3 iron dragons
  15 vault wardens
  Louise (Swamp:4)
  3 draconian scorchers
  A balrug (D:2)
  5 draconian annihilators
  2 caustic shrike zombies
  3 draconian stormcallers
  4 deep elf elementalists
  4 orc warlords
  2 draconian shifters
  4 formless jellyfish
  3 spriggan defenders
  A caustic shrike skeleton (Depths:3)
  A juggernaut skeleton (Depths:3)
  7 ironbound thunderhulks
  8 very ugly things
  21 ironbound preservers
  A war gargoyle (Vaults:2)
  A demonspawn blood saint (D:2)
  19 stone giants
  4 vampire knights
  8 black draconians
  9 deep elf annihilators
  10 deep elf demonologists
  10 eleionomae
  A lorocyproca (D:6)
  8 green draconians
  8 red draconians
  6 yellow draconians
  12 white draconians
  9 dire elephants
  Azrael (D:14)
  A spark wasp (shapeshifter) (Depths:4)
  4 purple draconians
  8 spark wasps
  8 bunyips
  2 crystal guardians (Vaults:3)
  4 deep elf death magi (Elf:3)
  A green death (D:2)
  Snorg (D:14)
  8 ettins
  Josephine (D:14)
  A mummy priest (Zig:7)
  5 deep elf high priests
  2 quicksilver dragon zombies (D:15)
  6 fire dragons
  A shambling mangrove (Zig:6)
  3 entropy weavers
  Fannar (D:12)
  15 yaktaur captains
  A spriggan zombie (Zig:7)
  3 peacekeepers
  28 hydras
  5 ice dragons
  28 vault guards
  Harold (D:9)
  15 alligators
  3 ogre magi
  A hell beast (Zot:2)
  A salamander tyrant (Snake:4)
  6 spriggan air magi
  8 great orbs of eyes
  3 rakshasas (Depths:1)
  Erica (D:11)
  11 anacondas
  13 ironbound frosthearts
  18 centaur warriors
  2 ghost crabs (Zig:6)
  A catoblepas (Lair:2)
  3 death knights (D:14)
  15 dancing weapons
  16 two-headed ogres
  4 boulder beetles
  8 deep troll shamans
  5 deep troll earth magi
  3 tengu warriors
  11 naga sharpshooters
  12 naga warriors
  2 vampire magi
  7 hell knights
  13 death yaks
  4 shock serpents
  A sphinx skeleton (Vaults:4)
  2 occultists
  5 spriggan berserkers
  2 sun demons
  A wretched star (Zig:4)
  8 deep elf knights
  3 skeletal warriors
  3 skysharks
  Amaemon (D:8)
  5 salamander mystics
  A spark wasp zombie (D:15)
  Lodul (D:12)
  A sixfirhy (D:14)
  13 iron trolls
  4 goliath frogs
  A golden dragon zombie (Depths:3)
  5 spriggan druids
  11 swamp dragons
  2 shadow demons
  2 orange crystal statues (Zig:1)
  A flayed ghost (Depths:2)
  7 bog bodies
  6 deep elf archers
  4 glowing orange brains
  6 naga ritualists
  22 ironbound convokers
  A lindwurm (shapeshifter) (Vaults:5)
  A shadow dragon zombie (Depths:3)
  58 deep trolls
  Pikel (D:5)
  10 harpies
  18 deep elf zephyrmancers
  9 arcanists
  A harpy (shapeshifter) (Elf:3)
  10 mana vipers
  A tengu zombie (Vaults:2)
  9 necromancers
  2 obsidian statues (Zig:1)
  8 phantasmal warriors
  An iron dragon zombie (Depths:3)
  27 deep elf pyromancers
  4 orc knights
  4 orc sorcerers
  10 lindwurms
  34 ugly things
  34 salamanders
  A manticore (D:12)
  2 will-o-the-wisps (Swamp:4)
  8 cyclopes
  6 moths of wrath
  2 frost giant zombies
  A manticore (shapeshifter) (D:13)
  15 elephants
  32 black mambas
  Joseph (D:9)
  25 naga magi
  A rust devil (D:2)
  3 torpor snails
  A smoke demon (Zot:3)
  13 cane toads
  A water nymph (shapeshifter) (Vaults:5)
  19 vault sentinels
  3 molten gargoyles (Lair:5)
  4 guardian serpents
  2 gargoyles
  3 orange demons
  2 unseen horrors (D:12)
  A yaktaur zombie (Vaults:4)
  A human zombie (Vaults:2)
  2 rime drakes
  A rime drake (shapeshifter) (D:13)
  13 komodo dragons
  2 kobold demonologists (D:11)
  3 efreet
  2 freezing wraiths
  Psyche (D:9)
  2 kobold blastminers (Orc:2)
  2 tormentors (D:14)
  2 tengu conjurers
  2 elf skeletons
  32 yaktaurs
  5 guardian mummies (Zig:7)
  A red devil (D:4)
  4 human skeletons (Vaults:4)
  3 ancient zymes (Zig:4)
  3 polar bears
  12 tyrant leeches
  3 meliai (D:15)
  6 trolls
  5 hornets
  2 raiju (D:10)
  2 tengu simulacra (Vaults:2)
  Prince Ribbit (D:6)
  25 blink frogs
  14 dream sheep
  A dream sheep (shapeshifter) (Elf:3)
  2 flying skulls (Zig:7)
  33 slime creatures
  A centaur simulacrum (D:15)
  A fire giant simulacrum (Vaults:4)
  Sigmund (D:3)
  2 air elementals
  3 shadows
  A vampire (D:12)
  2 ynoxinuls
  5 spriggans
  15 wyverns
  A culicivora (Vaults:4)
  5 hogs (D:15)
  9 wraiths
  7 basilisks
  2 vampire mosquitoes (D:13)
  6 water elementals
  57 yaks
  2 fire bats (Volcano)
  A steam dragon (shapeshifter) (Elf:3)
  4 fire elementals
  A hog (shapeshifter) (Elf:3)
  2 steam dragons (Lair:5)
  2 redbacks
  35 nagas
  A neqoxec (Zig:4)
  5 wargs
  A small abomination (D:14)
  11 swamp worms
  2 acid dragons
  12 water moccasins
  An acid dragon (shapeshifter) (Vaults:3)
  7 hell hounds
  7 swamp drakes
  40 orc warriors
  An ice beast (D:8)
  3 black bears
  19 ogres
  A sky beast (D:7)
  5 boggarts (Vaults:1)
  A centaur (shapeshifter) (Elf:3)
  7 centaurs
  3 lemures (D:5)
  2 kobold brigands
  13 bullfrogs
  A gnoll sergeant (D:6)
  An earth elemental (Elf:2)
  A human simulacrum (Depths:3)
  A scorpion (D:6)
  4 wights
  5 killer bees (D:9)
  3 howler monkeys
  12 electric eels
  10 lava snakes
  4 jellies
  2 gnoll boudas
  A hound (shapeshifter) (Elf:2)
  4 hounds
  15 orc priests
  3 sleepcaps
  4 iguanas
  19 orc wizards
  3 mummies (Zig:7)
  31 gnolls
  10 adders
  A river rat (D:3)
  15 white imps
  2 ufetubi (D:6)
  2 worms (D:3)
  A dart slug (shapeshifter) (Vaults:5)
  A dart slug (D:4)
  71 orcs
  A bat (shapeshifter) (Elf:3)
  2 endoplasms (shapeshifter) (Elf:3)
  16 endoplasms
  16 giant cockroaches
  13 hobgoblins
  2 jackals (D:4)
  8 kobolds
  9 quokkas
  16 ball pythons
  8 bats
  9 frilled lizards
  18 goblins
  10 rats
  A rat (shapeshifter) (Elf:3)
  A butterfly (Lair:4)
  A spectral weapon (Vaults:5)
2015 creatures vanquished.

Vanquished Creatures (collateral kills)
  A dread lich (Zot:5)
  2 ancient liches (Zot:5)
  A Killer Klown (Zot:5)
  A curse toe (Zot:5)
  A golden dragon (Zot:5)
  An electric golem (Zot:5)
  5 tentacled monstrosities (Zot:5)
  14 Orb Guardians (Zot:5)
  A shadow dragon (Zot:5)
  A storm dragon (Zot:5)
  A draconian knight (Zot:5)
  A ghost moth (Zot:5)
  A draconian shifter (Zot:5)
  A green draconian (Zot:5)
  A black draconian (Zot:5)
  A purple draconian (Zot:5)
  A yellow draconian (Zot:5)
  2 red draconians (Zot:5)
  5 moths of wrath (Zot:5)
42 creatures vanquished.

Vanquished Creatures (others)
  A dread lich (Zot:5)
  An orb of fire (Zot:5)
  A Killer Klown (Zot:5)
  2 curse toes (Zot:5)
  Nikola (Snake:3)
  A tentacled monstrosity (Zot:5)
  4 Orb Guardians (Zot:5)
  A death cob (Zot:5)
  A draconian knight (Zot:5)
  A very ugly thing (Depths:3)
  A red draconian (Zot:5)
  A purple draconian (Zot:5)
  A deep troll shaman (Depths:3)
  A naga warrior (Snake:4)
  A deep elf knight (Elf:2)
  A goliath frog (Zig:6)
  A bog body (Swamp:2)
  A deep elf pyromancer (Elf:2)
  2 moths of wrath (Zot:5)
  2 bloated husks
  A naga (Snake:4)
  4 foxfires (Swamp:4)
31 creatures vanquished.

Grand Total: 2088 creatures vanquished

Notes
Turn   | Place    | Note
-------+----------+-------------------------------------------
     0 | D:1      | DevouringOne the Ogre Shapeshifter began the quest for the
                  | Orb.
     0 | D:1      | Reached XP level 1. HP: 19/19 MP: 1/1
   152 | D:1      | Reached XP level 2. HP: 15/28 MP: 2/2
   230 | D:1      | Reached skill level 2 in Fighting
   782 | D:2      | Reached XP level 3. HP: 36/36 MP: 3/3
  1385 | D:3      | Reached skill level 3 in Fighting
  1454 | D:3      | Noticed Sigmund
  1462 | D:3      | Killed Sigmund
  1463 | D:3      | Reached skill level 4 in Fighting
  1463 | D:3      | Reached skill level 5 in Unarmed Combat
  1463 | D:3      | Reached XP level 4. HP: 49/49 MP: 4/4
  1463 | D:3      | Reached XP level 5. HP: 55/55 MP: 5/5
  1558 | D:3      | Found a faded altar of an unknown god.
  1561 | D:3      | Found a hide-covered altar of Uskayaw.
  1573 | D:3      | Reached XP level 6. HP: 58/63 MP: 6/6
  1650 | D:3      | Found a glowing drain.
  1701 | Sewer    | Entered a sewer
  2089 | Sewer    | Reached skill level 5 in Fighting
  2136 | Sewer    | Reached XP level 7. HP: 40/72 MP: 7/7
  2565 | D:3      | Found a blossoming altar of Fedhas.
  2950 | D:4      | Reached skill level 6 in Fighting
  3117 | D:4      | Found a broken altar of Ashenzari.
  3373 | D:4      | Identified the +2 quarterstaff of the Singing Pariah
                  | {freeze, rElec Str+3 Int-3 Dex+2}
  3640 | D:5      | Entered Level 5 of the Dungeon
  3640 | D:5      | Found Uvurot's Antique Weapon Shop.
  3881 | D:5      | Noticed Pikel
  3902 | D:5      | Killed Pikel
  3903 | D:5      | Reached skill level 5 in Shapeshifting
  3903 | D:5      | Reached XP level 8. HP: 54/84 MP: 8/8
  4036 | D:5      | Found Wumuos's Book Shop.
  4872 | D:5      | Found a sacrificial altar of Ru.
  5186 | D:6      | Reached XP level 9. HP: 92/92 MP: 9/9
  5365 | D:6      | Noticed Prince Ribbit
  5385 | D:6      | Killed Prince Ribbit
  5588 | D:6      | Found an opulent altar of Gozag.
  5589 | D:6      | Found a radiant altar of Vehumet.
  5596 | D:6      | Became a worshipper of Gozag Ym Sagoz the Greedy
  6108 | D:7      | Found a staircase to the Ecumenical Temple.
  6559 | D:7      | Found a glowing silver altar of Zin.
  6869 | D:7      | Reached skill level 10 in Shapeshifting
  6877 | D:7      | Reached skill level 7 in Fighting
  6877 | D:7      | Reached XP level 10. HP: 76/102 MP: 10/10
  6989 | D:7      | Identified the maw talisman "Ovugru" {rN++ Str-3}
  7233 | D:8      | Found Pouhera's Demolitions Depot.
  7264 | D:8      | Bought a wand of acid (1) for 46 gold pieces
  7264 | D:8      | Bought a condenser vane for 440 gold pieces
  7278 | D:8      | Found a flagged portal.
  7296 | Bailey   | Entered a bailey
  7620 | Bailey   | Reached skill level 8 in Fighting
  7650 | Bailey   | Noticed an orc knight
  7695 | Bailey   | Killed an orc knight
  7921 | Bailey   | Noticed an orc warlord
  7932 | Bailey   | Killed an orc warlord
  7933 | Bailey   | Reached skill level 9 in Fighting
  8142 | Bailey   | Noticed an orc knight
  8168 | Bailey   | Killed an orc knight
  8327 | Bailey   | Reached XP level 11. HP: 117/117 MP: 11/11
  8423 | D:8      | Reached skill level 10 in Unarmed Combat
  8423 | D:8      | Reached XP level 12. HP: 109/126 MP: 12/12
  8769 | D:8      | Found a basalt altar of Yredelemnul.
  8779 | D:8      | Found a glowing golden altar of the Shining One.
  8833 | D:8      | Reached skill level 10 in Fighting
  8841 | D:8      | Noticed Amaemon
  8861 | D:8      | Killed Amaemon
  9153 | D:8      | Found a snail-covered altar of Cheibriados.
  9493 | D:9      | Identified the amulet "Zirefuap" {RegenMP Str+7}
 10363 | D:9      | Found Qingo's Antique Weapon Shoppe.
 10559 | D:9      | Noticed Psyche
 10565 | D:9      | Killed Psyche
 10616 | D:9      | Noticed Joseph
 10618 | D:9      | Found a staircase to the Orcish Mines.
 10625 | D:9      | Killed Joseph
 11481 | D:9      | Reached skill level 11 in Fighting
 11688 | D:9      | Noticed Harold
 11700 | D:9      | Killed Harold
 11960 | D:10     | Entered Level 10 of the Dungeon
 11963 | D:10     | Bought a potion of might for 52 gold pieces
 11963 | D:10     | Bought a potion of curing for 39 gold pieces
 11963 | D:10     | Bought a potion of heal wounds for 65 gold pieces
 11963 | D:10     | Bought a potion of heal wounds for 65 gold pieces
 11963 | D:10     | Bought 2 potions of heal wounds for 130 gold pieces
 12749 | D:10     | Reached skill level 12 in Fighting
 12967 | D:10     | Identified the +0 ring mail "Cebral" {rF+++ MP+9 Int-5
                  | Stlth+}
 13427 | D:11     | Noticed a boulder beetle
 13430 | D:11     | Killed a boulder beetle
 13431 | D:11     | Reached skill level 13 in Fighting
 13546 | D:11     | Noticed a two-headed ogre
 13555 | D:11     | Killed a two-headed ogre
 13770 | D:11     | Found Huidd's Weapon Shoppe.
 13770 | D:11     | Noticed a two-headed ogre
 13774 | D:11     | Reached skill level 14 in Fighting
 13777 | D:11     | Killed a two-headed ogre
 13778 | D:11     | Reached XP level 13. HP: 118/148 MP: 13/13
 13901 | D:11     | Found a staircase to the Lair.
 13921 | D:11     | Identified the +8 flail of Melee {holy, Int+4}
 13925 | D:11     | Noticed Erica
 13934 | D:11     | Killed Erica
 14128 | D:11     | Reached skill level 15 in Fighting
 14378 | D:11     | Found the +8 longbow "Zephyr" {speed, Dex+3 SInv}
 14615 | Orc:1    | Entered Level 1 of the Orcish Mines
 14636 | Orc:1    | Reached skill level 16 in Fighting
 14971 | Orc:1    | Found a transporter.
 14974 | Orc:1    | Found a transporter.
 14974 | Orc:1    | Noticed an ettin
 14975 | Orc:1    | Noticed an orc warlord
 15210 | Orc:1    | Reached skill level 17 in Fighting
 15591 | Orc:2    | Entered Level 2 of the Orcish Mines
 15677 | Orc:1    | Bought +2 fire dragon scales for 936 gold pieces
 15964 | Orc:2    | Found Omioboe's Armour Boutique.
 16067 | Orc:2    | Found Kummics's Armour Shop.
 16282 | Orc:2    | Bought the +0 hat of the Fife {Rampage Fly Will+ Int-2} for
                  | 188 gold pieces
 16342 | Orc:2    | Found Ruwazxe's Assorted Antiques.
 16353 | Orc:2    | Bought a scroll of identify for 40 gold pieces
 16353 | Orc:2    | Bought a viscous white potion for 18 gold pieces
 16610 | Orc:2    | Noticed an orc warlord
 16646 | Orc:2    | Killed an orc warlord
 16647 | Orc:2    | Reached skill level 18 in Fighting
 17005 | Orc:2    | Found Cym Giem's Antique Weapon Emporium.
 17007 | Orc:2    | Found Lomoruaze's Antique Armour Shoppe.
 17333 | Orc:2    | Found Fuatotz's Antique Weapon Emporium.
 17370 | Orc:2    | Found a staircase to the Elven Halls.
 17953 | Lair:1   | Entered Level 1 of the Lair of Beasts
 18225 | Lair:1   | Reached skill level 19 in Fighting
 18260 | Lair:1   | Reached XP level 14. HP: 103/172 MP: 14/14
 19130 | Lair:2   | Found a staircase to the Snake Pit.
 19138 | Lair:2   | Reached skill level 20 in Fighting
 20069 | Lair:2   | Reached skill level 21 in Fighting
 21295 | Lair:3   | Reached skill level 5 in Dodging
 21318 | Lair:3   | Found a dark tunnel.
 21329 | Volcano  | Entered a volcano
 21979 | Lair:3   | Bought a phantom mirror for 560 gold pieces
 22181 | Lair:3   | Found a staircase to the Swamp.
 22853 | Lair:4   | Reached XP level 15. HP: 102/187 MP: 15/15
 24227 | Lair:5   | Entered Level 5 of the Lair of Beasts
 24646 | Lair:5   | Found a frozen archway.
 24989 | Lair:5   | Found a staircase to the Slime Pits.
 26157 | Lair:5   | Found a large runed translucent door.
 26158 | Lair:5   | Found a large runed translucent door.
 26160 | Lair:5   | Reached skill level 15 in Unarmed Combat
 27035 | D:12     | Noticed Fannar
 27200 | D:12     | Noticed Lodul
 27213 | D:12     | Killed Lodul
 27655 | D:12     | Reached XP level 16. HP: 179/197 MP: 16/16
 27999 | D:12     | Killed Fannar
 28572 | D:13     | Found a runed translucent gate.
 28572 | D:13     | Found a runed translucent gate.
 28572 | D:13     | Found a runed translucent gate.
 28573 | D:13     | Noticed Fuugimn's ghost (journeyman DsSh)
 29253 | D:14     | Noticed Josephine
 29266 | D:14     | Killed Josephine
 29926 | D:14     | Noticed Snorg
 30106 | D:14     | Killed Snorg
 30878 | D:14     | Noticed Azrael
 30885 | D:14     | Killed Azrael
 30970 | D:14     | Found a gate to the Vaults.
 31067 | D:15     | Entered Level 15 of the Dungeon
 31332 | D:15     | Noticed Agnes
 31338 | D:15     | Killed Agnes
 31968 | D:15     | Found a staircase to the Depths.
 31992 | D:15     | Noticed Kirke
 32002 | D:15     | Killed Kirke
 32489 | D:12     | Bought the ring "Wiast" {rF+ rN+ Dex+6} for 704 gold pieces
 32613 | Snake:1  | Entered Level 1 of the Snake Pit
 32785 | Snake:1  | Reached XP level 17. HP: 105/205 MP: 17/17
 33689 | Snake:1  | Found Gubluh's Armour Boutique.
 33698 | Snake:1  | Bought a +0 kite shield for 67 gold pieces
 33912 | Snake:2  | Reached skill level 1 in Shields
 34116 | Snake:2  | Reached skill level 15 in Shapeshifting
 34123 | Snake:2  | Identified the serpent talisman of the Fife {Str+3 Slay+2}
 34123 | Snake:2  | Noticed Aizul
 34481 | Snake:2  | Found Taddulur's Book Boutique.
 34482 | Snake:2  | Found Tisho's Jewellery Shoppe.
 34483 | Snake:2  | Found Fogruige's Book Boutique.
 34491 | Snake:2  | Bought an amulet of regeneration for 420 gold pieces
 34523 | Snake:2  | Killed Aizul
 35200 | Snake:3  | Identified the ring of the Two Names {rC+ Str+5 SInv}
 35249 | Snake:3  | Reached skill level 5 in Shields
 35323 | Snake:3  | Noticed Nikola
 35343 | Snake:3  | Killed Nikola
 35507 | Snake:3  | Reached XP level 18. HP: 215/215 MP: 18/18
 35658 | Snake:4  | Entered Level 4 of the Snake Pit
 36474 | Snake:4  | Reached skill level 10 in Shields
 36621 | Snake:4  | Got a serpentine rune of Zot
 36829 | Swamp:1  | Entered Level 1 of the Swamp
 38104 | Swamp:3  | Reached XP level 19. HP: 223/223 MP: 19/19
 38216 | Swamp:3  | Identified the +11 rapier "Qaatrub" {flame, rPois rF- rC+
                  | rN+}
 38499 | Swamp:4  | Entered Level 4 of the Swamp
 38552 | Swamp:4  | Noticed Donald
 38555 | Swamp:4  | Killed Donald
 38972 | Swamp:4  | Got a decaying rune of Zot
 38999 | Swamp:4  | Identified the ring "Oxosu" {MP+9 Dex+2}
 39026 | Swamp:4  | Noticed Bai Suzhen
 39037 | Swamp:4  | Killed Bai Suzhen
 39045 | Swamp:4  | Noticed Louise
 39051 | Swamp:4  | Killed Louise
 39506 | Elf:1    | Entered Level 1 of the Elven Halls
 39649 | Elf:1    | Found a runed translucent door.
 39649 | Elf:1    | Noticed Herenode's ghost (adept DrNe)
 39726 | Elf:1    | Killed Herenode's ghost
 40227 | Elf:1    | Found Unaigul's Assorted Antiques.
 40230 | Elf:1    | Bought a potion of might for 128 gold pieces
 40230 | Elf:1    | Bought a scroll of teleportation for 96 gold pieces
 40316 | Elf:2    | Found Cogun's Antique Weapon Shop.
 40449 | Elf:2    | Identified the +0 robe of the Apprentice {Str+3 Dex+4}
 40516 | Elf:2    | Reached XP level 20. HP: 226/234 MP: 20/20
 40884 | Elf:2    | Found a runed translucent gate.
 40886 | Elf:2    | Found a runed translucent gate.
 40886 | Elf:2    | Found a runed translucent gate.
 40970 | Elf:3    | Entered Level 3 of the Elven Halls
 40970 | Elf:3    | Found a transporter.
 40976 | Elf:3    | Noticed Atuqedy's ghost (adept DsEE)
 40994 | Elf:3    | Found a transporter.
 41041 | Elf:3    | Killed Atuqedy's ghost
 41056 | Elf:3    | Identified the amulet of Meyvusul {Regen+ Str+3}
 41264 | Elf:3    | Reached skill level 15 in Shields
 41571 | Elf:3    | Got the Anthology of Sepulchral Forms
 41575 | Elf:3    | Got the Papyrus of Production
 41576 | Elf:3    | Identified the +2 sling of the Eye-covered God {freeze,
                  | Will- MP+9 Int+3}
 41622 | Elf:3    | Identified the amulet "Vaxijo" {Faith +Inv rN++ Stlth+}
 41816 | Elf:3    | Identified the +3 mace "Kayth" {venom, Contam rF++ rC+ rN+}
 41820 | Elf:3    | Got Muyh's Guide on Frore Bewitchment
 42096 | Vaults:1 | Entered Level 1 of the Vaults
 42268 | Vaults:1 | Bought the granite talisman of the Evil One {rN+} for 1762
                  | gold pieces
 42851 | Vaults:1 | Reached XP level 21. HP: 241/241 MP: 21/21
 43963 | Vaults:2 | Found a portal to a secret trove of treasure.
 45000 | Vaults:2 | Identified the +0 pair of gloves of the Hart {rF- rCorr
                  | Int+4}
 45793 | Vaults:3 | Found a staircase to the Crypt.
 45793 | Vaults:3 | Found a basalt altar of Yredelemnul.
 45793 | Vaults:3 | Found an ancient bone altar of Kikubaaqudgha.
 46135 | Vaults:3 | Reached XP level 22. HP: 252/252 MP: 22/22
 46139 | Vaults:3 | Identified the +8 morningstar of Wyrd {freeze, Fragile
                  | rElec Str+3}
 46198 | Vaults:3 | Identified the +3 giant spiked club of the Toadstool
                  | {flame, Fragile rElec rF+ Str+5}
 46387 | Vaults:3 | Found Yboc's Weapon Boutique.
 47319 | Vaults:4 | Noticed Zenata
 47335 | Vaults:4 | Killed Zenata
 48271 | Vaults:5 | Entered Level 5 of the Vaults
 48373 | Vaults:5 | Reached skill level 22 in Fighting
 48373 | Vaults:5 | Reached XP level 23. HP: 263/263 MP: 23/23
 48449 | Vaults:5 | Got a silver rune of Zot
 48679 | Vaults:5 | Reached skill level 23 in Fighting
 48737 | Vaults:5 | Identified the ring "Edaol Hemn" {Int+5 Dex+6}
 48822 | Vaults:5 | Noticed an ancient lich
 48833 | Vaults:5 | Killed an ancient lich
 48856 | Vaults:5 | Identified the +0 long sword of Bloodstone {freeze, SInv}
 48856 | Vaults:5 | Noticed a dread lich
 48867 | Vaults:5 | Killed a dread lich
 48918 | Vaults:5 | Identified the +2 leather armour of Hefet {Rampage rF+}
 48928 | Vaults:5 | Reached skill level 24 in Fighting
 48998 | Vaults:5 | Found the +3 giant club "Skullcrusher" {speed, Str+7}
 49262 | Vaults:5 | Noticed a golden dragon
 49267 | Vaults:5 | Killed a golden dragon
 49348 | Vaults:5 | Identified the +4 whip "Earthworm" {freeze, rC- rN++ Int+5}
 49461 | Vaults:5 | Found Cuurph's Jewellery Boutique.
 49971 | Vaults:5 | Bought a scroll of teleportation for 60 gold pieces
 49971 | Vaults:5 | Bought a scroll of immolation for 80 gold pieces
 49971 | Vaults:5 | Bought a scroll of enchant armour for 150 gold pieces
 50145 | Depths:1 | Entered Level 1 of the Depths
 50145 | Depths:1 | Found a one-way gate leading to the halls of Pandemonium.
 50160 | Depths:1 | Reached skill level 25 in Fighting
 50222 | Depths:1 | Noticed Margery
 50239 | Depths:1 | Killed Margery
 50429 | Depths:1 | Reached skill level 26 in Fighting
 50598 | Depths:1 | Found a gateway to Hell.
 50683 | Depths:1 | Reached XP level 24. HP: 292/292 MP: 23/23
 51167 | Depths:2 | Noticed a juggernaut
 51172 | Depths:2 | Killed a juggernaut
 51210 | Depths:2 | Noticed a juggernaut
 51215 | Depths:2 | Noticed a caustic shrike
 51221 | Depths:2 | Killed a juggernaut
 51221 | Depths:2 | Noticed a juggernaut
 51222 | Depths:2 | Reached skill level 27 in Fighting
 51233 | Depths:2 | Killed a juggernaut
 51256 | Depths:2 | Killed a caustic shrike
 52020 | Depths:3 | Found a one-way gateway to a ziggurat.
 52031 | Depths:3 | Noticed Norris
 52062 | Depths:3 | Killed Norris
 52190 | Depths:3 | Found a flickering gateway to a bazaar.
 52201 | Bazaar   | Entered a bazaar
 52248 | Bazaar   | Found Juis's Weapon Shoppe.
 52257 | Bazaar   | Found Kulurepp's Antique Weapon Emporium.
 52277 | Bazaar   | Found Virghax's Magic Scroll Boutique.
 52277 | Bazaar   | Found Jewkah's Magic Scroll Shoppe.
 52281 | Bazaar   | Bought a scroll of enchant armour for 105 gold pieces
 52281 | Bazaar   | Bought a scroll of revelation for 105 gold pieces
 52285 | Bazaar   | Found Ruymaus's General Store.
 52288 | Bazaar   | Bought a scroll of immolation for 52 gold pieces
 52288 | Bazaar   | Bought a scroll of enchant armour for 97 gold pieces
 52296 | Bazaar   | Bought a scroll of blinking for 90 gold pieces
 52296 | Bazaar   | Bought a potion of haste for 120 gold pieces
 52382 | Zig:1    | Entered Level 1 of a ziggurat
 52492 | Zig:2    | Entered Level 2 of a ziggurat
 52526 | Zig:3    | Entered Level 3 of a ziggurat
 52559 | Zig:4    | Entered Level 4 of a ziggurat
 52588 | Zig:4    | Reached XP level 25. HP: 304/304 MP: 23/23
 52591 | Zig:5    | Entered Level 5 of a ziggurat
 52685 | Zig:6    | Entered Level 6 of a ziggurat
 52746 | Zig:6    | Identified the +9 scimitar "Secret Weapon" {elec, rF+}
 52750 | Zig:6    | Got the Thoughts on Enchanted Silt
 52756 | Zig:6    | Reached XP level 26. HP: 314/314 MP: 23/23
 52758 | Zig:7    | Entered Level 7 of a ziggurat
 52764 | Zig:7    | Noticed a royal mummy
 52797 | Zig:7    | Killed a royal mummy
 52919 | Zig:7    | Got Latuxeiq's Collected Works on Shocking Command
 52930 | Zig:7    | Identified the +9 demon trident of Zaipecw {venom, Drain
                  | rPois rN+++ Will+}
 53186 | Vaults:2 | You paid a toll of a +4 demon whip to enter a treasure
                  | trove
 53187 | Trove    | Entered a treasure trove
 53207 | Trove    | Identified the amulet "Ylaanos" {Acrobat rCorr Int+9 Dex+3}
 53225 | Trove    | Reached XP level 27. HP: 323/323 MP: 23/23
 53260 | Trove    | Got Sif Muna's Guide on Radiant Voltage
 53262 | Trove    | Got Sif Muna's Disquisition on Elliptic Conflagration
 53525 | Depths:4 | Entered Level 4 of the Depths
 53584 | Depths:4 | Found a gate to the Realm of Zot.
 53924 | Zot:1    | Entered Level 1 of the Realm of Zot
 53948 | Zot:1    | Noticed an orb of fire
 53955 | Zot:1    | Gained mutation: You occasionally shout uncontrollably at
                  | your foes. [an orb of fire]
 53956 | Zot:1    | Killed an orb of fire
 54563 | Zot:5    | Entered Level 5 of the Realm of Zot
 54883 | Zot:5    | Noticed a dread lich
 54883 | Zot:5    | Noticed an ancient lich
 54892 | Zot:5    | Noticed an orb of fire
 54894 | Zot:5    | Noticed an ancient lich
 54899 | Zot:5    | Killed an ancient lich
 54900 | Zot:5    | Noticed an orb of fire
 54902 | Zot:5    | Noticed a dread lich
 54902 | Zot:5    | Noticed a dread lich
 54904 | Zot:5    | Noticed an ancient lich
 54911 | Zot:5    | Killed a dread lich
 54918 | Zot:5    | Killed a dread lich
 54925 | Zot:5    | Killed an ancient lich
 54941 | Zot:5    | Killed a dread lich
 55114 | Zot:5    | Noticed an ancient lich
 55117 | Zot:5    | Killed an ancient lich
 55147 | Zot:5    | Noticed an ancient lich
 55152 | Zot:5    | Killed an ancient lich
 55336 | Zot:5    | Got the Orb of Zot
 55381 | Zot:3    | Noticed Ubbet the pandemonium lord
 55395 | Zot:3    | Killed Ubbet the pandemonium lord
 55446 | Zot:2    | Noticed Maaku the pandemonium lord
 55501 | Depths:3 | Noticed Mur Acidd the pandemonium lord
 55565 | D:14     | Noticed Hepuha the pandemonium lord
 55572 | D:14     | Killed Hepuha the pandemonium lord
 55881 | D:$      | Escaped with the Orb!

Illustrated notes

Levels and vault maps discovered:
D:1:      roadster_arrival_rocket_large, layout_loops_cross, st_stairs_12
D:2:      layout_loops_ring
D:3:      layout_loops_ring, nicolae_overflow_ecumenical_swirl,
          nicolae_overflow_hidden_temple, gup_sewer_entry_bubbles, uniq_sigmund
D:4:      layout_loops_corners, general_overflow_altar, serial_glass,
          glass_columns_a, glass_columns_b
D:5:      layout_cave_pods, mainiacjoe_overflow_alcove_4, serial_shops,
          nicolae_shop_rolling_square, nicolae_shop_stone, st_stairs_9,
          grunt_decor_junction, uniq_pikel
D:6:      layout_basic, gammafunk_temple_overflow_pools,
          minmay_misc_feat_square, uniq_prince_ribbit1
D:7:      layout_loops_cross, zin_scriptorium, minmay_temple_entry_mist,
          nrook_mini_backslash, chequers_serial_rivers_small_b
D:8:      layout_basic, lemuel_crystal_altar, grunt_temple_overflow_holy_war,
          enter_bailey_7, minmay_liquid_box, roderic_serpentine_path,
          nicolae_blasting_shop, uniq_amaemon
D:9:      layout_basic, david_orc_3, serial_shops, kennysheep_little_box,
          solitary_fountain, kennysheep_island_fort, uniq_joseph, uniq_harold,
          uniq_psyche
D:10:     layout_loops_corners, nicolae_have_a_lightning_rod
D:11:     layout_rooms, lair_entry_dummy, serial_shops,
          nicolae_shop_rolling_square, minmay_fractal_squares_diagonal_5,
          uniq_erica
D:12:     layout_cave_pools, serial_park, serial_park_tiny_pond,
          serial_park_tiny_1, serial_park_paths [serial_park_minivault_5x5_4],
          serial_park_square3 [serial_park_minivault_5x5_8],
          statue_in_the_mist_lemuel, grunt_ministairs_9, uniq_fannar, uniq_lodul
D:13:     layout_cave_pools, gammafunk_ghost_nasty_kobolds
D:14:     cheibrodos_tormentor_scu, layout_irregular_city,
          hellmonk_vaults_order_and_chaos, nicolae_lava_and_water,
          uniq_josephine, uniq_snorg, uniq_azrael
D:15:     gammafunk_depths_entry_grave, layout_cave_pools,
          wad_floor_pattern_untrapped, uniq_agnes, uniq_kirke
Lair:1:   layout_loops_ring, grunt_megastairs_4
Lair:2:   layout_gridlike, nicolae_snake_entry_warm_welcome, serial_rivers,
          chequers_serial_rivers_micro_c, chequers_serial_rivers_micro_d,
          chequers_serial_rivers_micro_c, chequers_serial_rivers_micro_e,
          chequers_serial_rivers_micro_a
Lair:3:   layout_chaotic_city, mainiacjoe_swamp_entry_lozenge_pond,
          enter_volcano_4
Lair:4:   layout_cave_pods, grunt_forest_large_clearing_hut, grunt_megastairs_3,
          lemuel_fruit_fields
Lair:5:   cheibrodos_lair_end_hotspot, layout_regular_city, slime_entry_2,
          portal_ice_cave_entry_imps
Swamp:1:  layout_basic_swamp, evilmike_swamp_ruin_house_2
Swamp:2:  nicolae_swamp_ascending_descending, layout_falls_marsh,
          evilmike_swamp_ruin_house_6, tekkud_bubbles_buried_in_this_jungle
Swamp:3:  layout_basic_swamp, evilmike_swamp_ruin_house_3
Swamp:4:  swamp, layout_basic_swamp, uniq_bai_suzhen, uniq_louise, uniq_donald
Snake:1:  layout_misc_corridors, serial_shops, shop,
          nicolae_snake_salamander_zone
Snake:2:  nicolae_aizul_guard, layout_onion, minmay_shop_grove, uniq_aizul
Snake:3:  layout_rooms, uniq_nikola
Snake:4:  snake_pit, layout_cave_town
Orc:1:    gammafunk_beogh_shrine, layout_diamond_mine, lemuel_statue_altar,
          nicolae_orc_lava_room
Orc:2:    grunt_orc_community_town_hall, layout_caves,
          grunt_orc_community_big_house_2, grunt_orc_community_big_house_2,
          grunt_orc_community_house_1, grunt_orc_community_house_1,
          grunt_orc_community_house_1, grunt_orc_community_house_2, basic_altar,
          serial_shops, shop, shop
Elf:1:    minmay_elf_arrival_circle, layout_loops_cross,
          hellmonk_ghost_happy_afterlife, serial_shops, shop,
          hangedman_elf_represent
Elf:2:    nicolae_elf_blades_splatter_lattice [nicolae_blade_tridents],
          layout_geoelf_grid, serial_shops, nicolae_shop_waterfront,
          nicolae_elf_blasts_and_bolts
Elf:3:    grunt_elf_hall_diamonds, layout_loops_cross,
          gammafunk_ghost_berserking_beasts
Vaults:1: nicolae_vaults_big_ls, ontoclasm_vaults_tryst,
          nicolae_vaults_cornered_office, nicolae_vaults_specimen_jars,
          v_misc_12, ontoclasm_vaults_ring_large, vaults_room_corners,
          hangedman_vaults_snaps, hangedman_vaults_slither, vaults_room_pools,
          nicolae_vaults_tetromino_T_1, layout_vaults_omnigrid
Vaults:2: nicolae_vaults_twisting_passages, nicolae_vaults_triangles,
          vaults_room_octagon, v_pattern_1,
          nicolae_vaults_doubleplus_tesselated, nicolae_vaults_network_square,
          v_misc_29, vaults_mumra_chevron_long, nicolae_vaults_angled_halls,
          nicolae_vaults_house_1, v_alt_pattern_4, grunt_vaults_hallway_short,
          nicolae_vaults_variable_pillar_hall_cross, layout_vaults_maze,
          enter_trove_3
Vaults:3: ontoclasm_vaults_ring_square, vaults_mumra_minichess,
          nicolae_vaults_little_ls, v_misc_11, v_misc_15,
          dpeg_vaults_monster_box, v_misc_10, nicolae_vaults_trapezoid_1,
          vaults_dpeg_ring, nicolae_vaults_little_guard_posts, v_misc_22,
          minmay_crypt_entry_necro_gods, nicolae_vaults_weapon_check,
          nicolae_vaults_tetromino_T_2, nicolae_vaults_closet_pinwheel_1,
          nicolae_vaults_tetromino_Z_2, layout_vaults_omnicross, serial_shops,
          nicolae_shop_bloodbath_and_beyond
Vaults:4: nicolae_vaults_circle_grid_a, sword_in_stone, nicolae_vaults_swerve,
          nicolae_vaults_closet_pinwheel_6, nicolae_vaults_six-pack,
          nicolae_vaults_tangram_2, nicolae_vaults_circle_grid_b,
          hangedman_vaults_cutoff, hangedman_vaults_maws,
          nicolae_vaults_more_shelving_2, nicolae_vaults_trapezoid_lopsided_4,
          v_rooms_4, nicolae_vaults_storage_room_glass, hangedman_vaults_impose,
          nicolae_vaults_apartment_1, v_alt_pattern_1, layout_vaults_omnibox,
          uniq_zenata
Vaults:5
Depths:1: layout_twisted_cross, kennysheep_minor_cross, grunt_metal_band,
          pan_entry, kennysheep_kite_vault
Depths:2: minmay_crescents, layout_gridville, pan_entry,
          chequers_serial_rivers_marsh, pf_hell_entry_great_geh,
          infiniplex_staircase_pillars_3a, serial_bayou_shore_b
Depths:3: minmay_haunted_quarter, layout_cave_pools, enter_ziggurat_b,
          serial_shops, bzr_entry_lakeside, hell_entry, rand_demon_pan_entry_7,
          minmay_room_of_horrors, grunt_decor_cap, cheibrodos_ashenzari_chains,
          infiniplex_staircase_zigzag_3, uniq_norris
Depths:4: grunt_crosshair, layout_basic, nicolae_sif_muna_condensation,
          abyss_entry, hangedman_coc_ice_floe
Zot:1:    gammafunk_mikee_crab_dinner, layout_misc_corridors,
          nicolae_rock_paper_scissors
Zot:2:    layout_misc_corridors, regret_index_zotdec_twisting_globes
Zot:3:    dreamdust_black_sun_cult, layout_gridville, gammafunk_ghost_split
Zot:4:    layout_basic
Zot:5:    layout_misc_corridors

Skill      XL: |  1  2  3  4  5  6  7  8  9 10 11 12 13 14 15 16 17 18 19 20 21 22 23 24 25 26 27 |
---------------+----------------------------------------------------------------------------------+-----
Unarmed Combat | 3 5 6 7 9 10 11 12 15 18 20 21 26 | 26.6
Fighting       | 2 4 5 6 7 9 14 19 21 22 26 27 | 27.0
Shapeshifting  | 5 7 10 12 13 16 18 20 23 25 | 25.0
Dodging        | 6 |  6.0
Shields        | 6 11 14 15 | 15.0

Action                     |  1- 3 |  4- 6 |  7- 9 | 10-12 | 13-15 | 16-18 | 19-21 | 22-24 | 25-27 || total
---------------------------+-------+-------+-------+-------+-------+-------+-------+-------+-------++-------
  Melee: Unarmed           |    70 |   130 |   256 |   346 |   972 |   924 |   952 |  1039 |   551 ||  5240
         Punch             |     2 |     2 |     7 |    22 |    91 |    47 |       |       |       ||   171
  Throw: Large rock        |       |       |    28 |       |       |       |       |       |       ||    28
 Invoke: Call Merchant     |       |       |       |     1 |     3 |     1 |     2 |     3 |       ||    10
         Potion Petition   |       |       |       |       |       |       |     1 |       |       ||     1
         Bribe Branch      |       |       |       |       |       |       |       |       |     2 ||     2
  Evoke: Wand              |       |       |     4 |    13 |     9 |     5 |     3 |     2 |     6 ||    42
         Condenser vane    |       |       |       |     1 |     2 |       |     3 |       |       ||     6
         Lightning rod     |       |       |       |       |     8 |       |     8 |       |       ||    16
         Sack of spiders   |       |       |       |       |     2 |       |     1 |       |       ||     3
         Phantom mirror    |       |       |       |       |       |     1 |       |       |       ||     1
    Use: Scroll            |     2 |       |     9 |    10 |     4 |     6 |     6 |    10 |    11 ||    58
         Potion            |     1 |       |       |     1 |     4 |     1 |     4 |     3 |     6 ||    20
   Stab: Sleeping          |     1 |       |     1 |       |       |     1 |     1 |     2 |       ||     6
         Paralysed         |       |       |       |    14 |       |       |       |       |       ||    14
         Distracted        |       |       |       |       |     9 |     5 |    16 |     6 |     6 ||    42
         Invisible         |       |       |       |       |       |       |     2 |       |       ||     2
         Confused          |       |       |       |       |       |       |     2 |       |       ||     2
 Armour: Animal skin       |    34 |    69 |     5 |       |       |       |       |       |       ||   108
         Skin              |     5 |       |       |       |     5 |   758 |  1325 |  1273 |   691 ||  4057
         Robe              |       |       |   123 |   180 |    40 |       |       |       |       ||   343
         Fire dragon scale |       |       |       |       |   704 |   190 |       |       |       ||   894
  Dodge: Dodged            |    24 |    48 |   145 |   167 |   256 |   353 |   547 |   496 |   235 ||  2271
  Block: Other             |       |       |    28 |    50 |   145 |    61 |       |       |       ||   284
         Reflection        |       |       |     2 |     5 |     4 |    21 |       |       |       ||    32
         Kite shield       |       |       |       |       |       |   376 |   790 |   968 |   521 ||  2655
   Form: Blade             |       |       |     1 |       |     4 |       |       |       |       ||     5
         Beast             |       |       |       |       |     4 |       |       |       |       ||     4
         Statue            |       |       |       |       |       |     1 |     1 |       |       ||     2

Table legend: (Time is in decaauts)
 A = Elapsed time spent in this place.
 B = Non-inter-level travel time spent in this place.
 C = Inter-level travel time spent in this place.
 D = Time resting spent in this place.
 E = Time spent auto-exploring this place.
 F = Levels seen in this place.
 G = Mean time per level.
                   A        B        C        D        E       F      G
               +--------+--------+--------+--------+--------+-----+--------+
         Total |  65724 |  59263 |   6461 |   4743 |  42815 |  59 | 1114.0 |
       Dungeon |  19776 |  17663 |   2113 |   2142 |  13094 |  15 | 1318.4 |
          Lair |   8651 |   8017 |    634 |    422 |   6531 |   5 | 1730.2 |
         Swamp |   3652 |   3392 |    260 |    250 |   2460 |   4 |  913.0 |
     Snake Pit |   5969 |   5505 |    464 |    762 |   3466 |   4 | 1492.2 |
  Orcish Mines |   3547 |   2967 |    580 |    558 |   1933 |   2 | 1773.5 |
   Elven Halls |   3581 |   3268 |    313 |      7 |   2394 |   3 | 1193.7 |
        Vaults |  11325 |  10130 |   1195 |      0 |   8045 |   5 | 2265.0 |
        Depths |   3755 |   3271 |    484 |    198 |   2043 |   4 |  938.8 |
           Zot |   2113 |   1699 |    414 |    221 |    789 |   5 |  422.6 |
      Ziggurat |    829 |    829 |      0 |      0 |    553 |   7 |  118.4 |
        Bazaar |    163 |    163 |      0 |      0 |    127 |   1 |  163.0 |
         Trove |    166 |    166 |      0 |      0 |    108 |   1 |  166.0 |
         Sewer |    587 |    587 |      0 |     22 |    309 |   1 |  587.0 |
        Bailey |   1040 |   1040 |      0 |    135 |    607 |   1 | 1040.0 |
       Volcano |    564 |    564 |      0 |     23 |    354 |   1 |  564.0 |
               +--------+--------+--------+--------+--------+-----+--------+

Top non-repeatable levels by time:
Vaults:1: 2779 daAuts
  Lair:5: 2620 daAuts
     D:9: 2523 daAuts
Vaults:5: 2426 daAuts
Vaults:2: 2298 daAuts
   Orc:2: 2293 daAuts
    D:14: 2191 daAuts
  Lair:2: 2132 daAuts
Vaults:4: 1959 daAuts
 Snake:1: 1915 daAuts
Vaults:3: 1862 daAuts
    D:11: 1719 daAuts
  Lair:4: 1654 daAuts
 Snake:4: 1553 daAuts
    D:15: 1528 daAuts
